 Dungeon Crawl Stone Soup version 0.29.1-1-gd02db6906a (webtiles) character file.

Game seed: 8384077129020825417

853854 wingedge the Archmage (level 27, -12/189 (217) HPs)
             Began as a Mummy Monk on Sept 23, 2022.
             Was an Initiate of Gozag.
             Mangled by a quicksilver elemental (22 damage)
             ... on level 5 of the Iron City of Dis on Oct 1, 2022.
             The game lasted 11:20:33 (113156 turns).

wingedge the Archmage (Mummy Monk)                Turns: 113156, Time: 11:20:33

HP:   -12/189 (217) AC: 11    Str: 20      XL:     27
MP:   22/54         EV: 18    Int: 28      God:    Gozag
Gold: 2646          SH: 15    Dex: 23 (26) Spells: 2/80 levels left

rFire   + + .      SeeInvis +   a - +9 double sword (spect)
rCold   + + +      Faith    .   x - +6 buckler of Sampowyf {Contam rN+ Regen+ Dex+9}
rNeg    + + +      Spirit   .   p - +4 ring mail of Exclusion {rF++ Will- Str+6}
rPois   ∞          Reflect  .   q - +0 mask of the Dragon {Will+ Slay+3 SInv}
rElec   +          Harm     .   M - +2 cloak {rCorr}
rCorr   +          Rampage  .   O - +2 pair of gloves {infuse}
Will    +++..                   h - +0 pair of boots of Bank {rElec rC+ Int-3}
Stlth   +++.......              y - amulet of the acrobat
HPRegen 1.21/turn               t - ring of Truth {rF+ Int+6 Dex-2 SInv}
MPRegen 0.34/turn               i - ring "Iwnoefri" {Fly rPois rC++ Int+6}

@: gold aura, flying, very slightly contaminated, studying 2 skills, heavily
drained, bribing [the Vestibule of Hell, the Iron City of Dis, Gehenna, Cocytus,
Tartarus], corroded
A: cold resistance 1, negative energy resistance 3, torment resistance 2, heat
vulnerability 1, in touch with death 2, no potions
}: 10/15 runes: barnacled, slimy, silver, abyssal, demonic, glowing, magical,
fiery, dark, gossamer
a: Renounce Religion, Potion Petition, Call Merchant, Bribe Branch


You were on level 5 of the Iron City of Dis.
You worshipped Gozag.
Gozag was most pleased with you.
You visited 13 branches of the dungeon, and saw 57 of its levels.
You visited Pandemonium 1 time, and saw 9 of its levels.
You visited the Abyss 2 times.
You also visited: Bailey, Ice Cave and Volcano.

You collected 35802 gold pieces.
You spent 7187 gold pieces at shops.
You paid 25969 gold pieces to Gozag.

Inventory:

Hand Weapons
 a - a +9 spectral double sword (weapon)
 b - the +8 rapier of Lurav {drain, rCorr Dex+4}
   (You found it on level 4 of the Shoals)

   A truly terrible weapon, it drains the life of any living foe it strikes.
   Dex:       It affects your dexterity (+4).
   rCorr:     It protects you from acid and corrosion.
 c - the +9 rapier of Profit {flame, Dex+2}
   (You found it on level 3 of the Vaults)

   It burns those it strikes, dealing additional fire damage.
   Dex:       It affects your dexterity (+2).
 k - a +3 demon trident
Missiles
 K - 3 throwing nets (quivered)
 T - 14 silver javelins
Armour
 h - the +0 pair of boots of Bank (worn) {rElec rC+ Int-3}
   (You found it on level 5 of the Vaults)

   Int:       It affects your intelligence (-3).
   rC:        It protects you from cold.
   rElec:     It insulates you from electricity.
 j - the +4 pair of boots of Pitheur {rPois Stlth+}
   (You bought it in a shop on level 1 of the Lair of Beasts)

   rPois:     It protects you from poison.
   Stlth:     It makes you more stealthy.
 n - a scarf of resistance
 p - the +4 ring mail of Exclusion (worn) {rF++ Will- Str+6}
   (You took it off a deep elf blademaster on level 3 of the Elven Halls)

   Str:       It affects your strength (+6).
   rF:        It greatly protects you from fire.
   Will:      It decreases your willpower.
 q - the +0 mask of the Dragon (worn) {Will+ Slay+3 SInv}
   (You bought it in a shop on level 5 of the Pits of Slime)

   Slay:      It affects your accuracy & damage with ranged weapons and melee
   (+3).
   SInv:      It lets you see invisible.
   Will:      It increases your willpower.
 x - the +6 buckler of Sampowyf (worn) {Contam rN+ Regen+ Dex+9}
   (You found it on level 2 of the Lair of Beasts)

   Dex:       It affects your dexterity (+9).
   rN:        It protects you from negative energy.
   Contam:    It causes magical contamination when unequipped.
   Regen:     It increases your rate of health regeneration.
 E - the +1 faerie dragon scales {rPois Will+ rCorr Int+7 Stlth-}
   (You took it off the Enchantress on level 1 of the Depths)

   Int:       It affects your intelligence (+7).
   rPois:     It protects you from poison.
   rCorr:     It protects you from acid and corrosion.
   Will:      It increases your willpower.
   Stlth:     It makes you less stealthy.
 M - a +2 cloak of preservation (worn)
 O - a +2 pair of gloves of infusion (worn)
 Z - the +2 hat of Poz Xui {rF+}
   (You found it on level 5 of the Pits of Slime)

   rF:        It protects you from fire.
Magical Staves
 d - a staff of death
 e - a staff of earth
 f - a staff of fire
 l - a staff of cold
 o - a staff of conjuration
 r - a staff of air
Jewellery
 i - the ring "Iwnoefri" (right hand) {Fly rPois rC++ Int+6}
   (You took it off a balrug in Pandemonium)

   [ring of intelligence]

   Int:       It affects your intelligence (+6).
   rC:        It greatly protects you from cold.
   rPois:     It protects you from poison.
   Fly:       It grants you flight.
 t - the ring of Truth (left hand) {rF+ Int+6 Dex-2 SInv}
   (You bought it in a shop on level 4 of the Depths)

   [ring of protection from fire]

   Int:       It affects your intelligence (+6).
   Dex:       It affects your dexterity (-2).
   rF:        It protects you from fire.
   SInv:      It lets you see invisible.
 w - an amulet of reflection
 y - an amulet of the acrobat (around neck)
 z - the ring of Suspicion {Fly AC+4 Dex+4 SInv Stlth-}
   (You took it off a yaktaur captain on level 5 of the Vaults)

   [ring of protection]

   AC:        It affects your AC (+4).
   Dex:       It affects your dexterity (+4).
   SInv:      It lets you see invisible.
   Fly:       It grants you flight.
   Stlth:     It makes you less stealthy.
 C - a ring of resist corrosion
 D - the ring of Geer {rElec rN+ Str-5 Dex-4 Stlth+}
   (You took it off a balrug in Pandemonium)

   [ring of positive energy]

   Str:       It affects your strength (-5).
   Dex:       It affects your dexterity (-4).
   rElec:     It insulates you from electricity.
   rN:        It protects you from negative energy.
   Stlth:     It makes you more stealthy.
 I - an amulet of magic regeneration
 R - the ring "Tuluf" {rC+ Will+ Str+6}
   (You bought it in a shop on level 2 of the Shoals)

   [ring of strength]

   Str:       It affects your strength (+6).
   rC:        It protects you from cold.
   Will:      It increases your willpower.
Wands
 s - a wand of paralysis (36)
 A - a wand of digging (1)
 H - a wand of acid (18)
 V - a wand of mindburst (25)
Scrolls
 g - 5 scrolls of magic mapping
 m - 12 scrolls of vulnerability
 u - 9 scrolls of immolation
 v - 3 scrolls of enchant armour
 B - 18 scrolls of teleportation
 G - 10 scrolls of fear
 J - 3 scrolls of silence
 N - 14 scrolls of butterflies
 P - 4 scrolls of brand weapon
 Q - 3 scrolls of summoning
 U - 2 scrolls of amnesia
Miscellaneous
 L - a condenser vane
 S - the horn of Geryon (inert)
 X - a box of beasts
 Y - a phantom mirror


   Skills:
 - Level 18.0 Fighting
 - Level 6.9(9.9) Short Blades
 - Level 11.1(12.0) Long Blades
 - Level 5.0 Maces & Flails
 - Level 3.0 Throwing
 - Level 9.0 Armour
 - Level 10.0 Dodging
 - Level 5.0 Stealth
 - Level 14.0 Shields
 O Level 27 Spellcasting
 - Level 17.0 Conjurations
 - Level 15.0 Hexes
 - Level 13.0 Summonings
 - Level 15.0 Necromancy
 - Level 11.0 Translocations
 - Level 7.0 Transmutations
 - Level 4.0 Fire Magic
 - Level 6.0 Ice Magic
 - Level 5.0 Air Magic
 + Level 10.9 Earth Magic
 - Level 2.0 Poison Magic
 - Level 4.0 Evocations


You had 2 spell levels left.
You knew the following spells:

 Your Spells              Type           Power      Damage    Failure   Level
a - Lehudib's Crystal Sp  Conj/Erth      43%        10d10     26%         8
b - Haunt                 Necr/Summ      65%        N/A       3%          7
c - Ozocubu's Armour      Ice            63%        N/A       1%          3
d - Yara's Violent Unrav  Hex/Tmut       39%        3d16      1%          5
e - Spellforged Servitor  Conj/Summ      44%        N/A       2%          7
f - Malign Gateway        Summ/Tloc      40%        N/A       8%          7
g - Irradiate             Conj/Tmut      40%        3d25      1%          5
h - Borgnjor's Vile Clut  Necr/Erth      64%        N/A       1%          5
i - Freezing Cloud        Conj/Ice/Air   37%        6-21      1%          5
j - Enfeeble              Hex            44%        N/A       2%          7
k - Death Channel         Necr           67%        N/A       1%          6
l - Metabolic Englaciati  Hex/Ice        38%        N/A       1%          5
m - Discord               Hex            44%        N/A       17%         8

Your spell library contained the following spells:

 Spells                   Type           Power      Damage    Failure   Level
 Apportation              Tloc           100%       N/A       0%          1
 Foxfire                  Conj/Fire      100%       2x1d9     0%          1
 Necrotise                Necr           100%       1d9       0%          1
 Sandblast                Erth           100%       2d20      0%          1
 Shock                    Conj/Air       100%       1d9       0%          1
 Slow                     Hex            100%       N/A       0%          1
 Summon Small Mammal      Summ           100%       N/A       0%          1
 Call Imp                 Summ           84%        N/A       0%          2
 Searing Ray              Conj           100%       2d8       0%          2
 Sting                    Tmut/Pois      100%       1d8       1%          1
 Blink                    Tloc           100%       N/A       1%          2
 Ensorcelled Hibernation  Hex/Ice        100%       N/A       1%          2
 Passwall                 Tmut/Erth      60%        N/A       1%          2
 Poisonous Vapours        Pois/Air       100%       N/A       1%          2
 Scorch                   Fire           100%       2d10      1%          2
 Static Discharge         Conj/Air       78%        3-13/arc  1%          2
 Confusing Touch          Hex            89%        N/A       0%          3
 Dazzling Flash           Conj/Hex       100%       N/A       0%          3
 Stone Arrow              Conj/Erth      100%       3d13      0%          3
 Tukima's Dance           Hex            89%        N/A       0%          3
 Vampiric Draining        Necr           100%       2d13      0%          3
 Conjure Flame            Conj/Fire      77%        6-21      1%          3
 Gell's Gravitas          Tloc           78%        N/A       1%          3
 Ignite Poison            Fire/Tmut/Pois 58%        N/A       1%          3
 Inner Flame              Hex/Fire       74%        N/A       1%          3
 Lesser Beckoning         Tloc           78%        N/A       1%          3
 Mephitic Cloud           Conj/Pois/Air  70%        N/A       1%          3
 Teleport Other           Tloc           78%        N/A       1%          3
 Airstrike                Air            30%        2d(5-21)  1%          4
 Anguish                  Hex/Necr       67%        N/A       1%          4
 Animate Armour           Summ/Erth      100%       N/A       1%          4
 Cause Fear               Hex            44%        N/A       1%          4
 Dispel Undead            Necr           100%       3d31      1%          4
 Flame Wave               Conj/Fire      77%        2d17      1%          4
 Leda's Liquefaction      Hex/Erth       42%        N/A       1%          4
 Passage of Golubria      Tloc           78%        N/A       1%          4
 Petrify                  Tmut/Erth      73%        N/A       1%          4
 Sticky Flame             Conj/Fire      77%        2d9       1%          4
 Summon Lightning Spire   Summ/Air       73%        N/A       1%          4
 Fireball                 Conj/Fire      38%        3d16      1%          5
 Iskenderun's Battlesphe  Conj           93%        2d14      1%          5
 Lee's Rapid Deconstruct  Erth           39%        3d20*     1%          5
 Lightning Bolt           Conj/Air       39%        1d57      1%          5
 Manifold Assault         Tloc           78%        N/A       1%          5
 Silence                  Hex/Air        38%        N/A       1%          5
 Summon Forest            Summ/Tloc      40%        N/A       1%          5
 Summon Mana Viper        Hex/Summ       86%        N/A       1%          5
 Conjure Ball Lightning   Conj/Air       39%        3x3d13    1%          6
 Dispersal                Tloc           39%        N/A       1%          6
 Iron Shot                Conj/Erth      43%        9d8       1%          6
 Summon Cactus Giant      Summ           42%        N/A       1%          6
 Summon Hydra             Summ           42%        N/A       4%          7
 Olgreb's Toxic Radiance  Pois           49%        N/A       5%          4
 Alistair's Intoxication  Tmut/Pois      38%        N/A       5%          5
 Eringya's Noxious Bog    Tmut/Pois      29%        N/A       30%         6
 Summon Horrible Things   Summ           42%        N/A       36%         8
 Ozocubu's Refrigeration  Ice            31%        4d14      65%         7
 Disjunction              Tloc           39%        N/A       65%         8
 Ignition                 Fire           28%        3d9       100%        8
 Maxwell's Capacitive Co  Air            30%        ∞         100%        8
 Chain Lightning          Conj/Air       39%        3d52      100%        9
 Fire Storm               Conj/Fire      38%        8d10      100%        9
 Polar Vortex             Ice            31%        N/A       100%        9
 Shatter                  Erth           39%        3d31*     100%        9
 Sublimation of Blood     Necr           Unusable   N/A       N/A         2
 Spider Form              Tmut/Pois      Unusable   N/A       N/A         3
 Animate Dead             Necr           Unusable   N/A       N/A         4
 Ice Form                 Ice/Tmut       Unusable   N/A       N/A         4
 Blade Hands              Tmut           Unusable   N/A       N/A         5
 Simulacrum               Ice/Necr       Unusable   N/A       N/A         6
 Statue Form              Tmut/Erth      Unusable   N/A       N/A         6

Dungeon Overview and Level Annotations

Branches:
Dungeon (15/15)            Temple (1/1) D:7            Lair (5/5) D:10
 Shoals (4/4) Lair:3       Spider (4/4) Lair:2        Slime (5/5) Lair:4
    Orc (2/2) D:9             Elf (3/3) Orc:2        Vaults (5/5) D:14
  Crypt (3/3) Vaults:2       Tomb (0/3) Crypt:3      Depths (4/4) D:15
   Hell (visited)             Dis (5/7) Hell            Zot (0/5) Depths:4
 Bailey (visited)           IceCv (visited)         Volcano (visited)
    Geh: Hell:1         Coc: Hell:1         Tar: Hell:1

Altars:
Ashenzari
Cheibriados
Dithmenos
Fedhas
Gozag
Hepliaklqana
Kikubaaqudgha
Makhleb
Nemelex Xobeh
Okawaru
Qazlal
Ru
Sif Muna
Trog
Uskayaw
Vehumet
Wu Jian
Xom
Yredelemnul
Lugonu

Shops:
D:5 *   D:12 =   Orc:2 *:(   Elf:3 !   Lair:1 [   Shoals:1 *   Shoals:2 =
Slime:5 [   Vaults:1 (   Vaults:3 =   Vaults:5 [   Depths:2 [   Depths:4 =(

Portals:
Hell: Depths:1 Depths:2 Depths:3 Depths:4
Abyss: Depths:2 Depths:3 Depths:4
Pandemonium: Depths:2 Depths:3
Ziggurat: Depths:3
Trove: D:15 (give +6 demon trident)


Innate Abilities, Weirdness & Mutations

You are immune to poison.
Your flesh is cold resistant. (rC+)
You are immune to negative energy. (rN+++)
You are immune to unholy pain and torment.
You are vulnerable to heat. (rF-)
You are strongly in touch with the powers of death.
You do not drink.


Message History

The Hell Sentinel closely misses the quicksilver elemental.
The quicksilver elemental hits the Hell Sentinel.
The Hell Sentinel's magic leaks into the air.
The quicksilver elemental closely misses you.
The quicksilver elemental attacks as you move away!
The quicksilver elemental completely misses you.
The Hell Sentinel hits the quicksilver elemental!
The Hell Sentinel misses the quicksilver elemental.
The quicksilver elemental breathes dispelling energy at you.
The bolt of dispelling energy misses you.
Your magical contamination has completely faded away. [a] - 330 gold - curing and magic [b] - 700 gold - haste, resistance, might and brilliance [c] - 240 gold - resistance Purchase which effect?
You feel better. Magic courses through your body.
You block the quicksilver elemental's attack.
The quicksilver elemental hits you!!
* * * LOW HITPOINT WARNING * * *
You feel your power leaking away.
The Hell Sentinel completely misses the quicksilver elemental.
The Hell Sentinel misses the quicksilver elemental.
The quicksilver elemental closely misses you.
Unknown command.
Casting: Borgnjor's Vile Clutch (mildly dangerous; 1% risk of failure)
Confirm with . or Enter, or press ? or * to list all spells.
You erupt in a fountain of uncontrolled magic!
The quicksilver elemental is blasted with magical radiation!!!
The quicksilver elemental is heavily damaged.
The quicksilver elemental is blasted with magical radiation!!
The quicksilver elemental is severely damaged.
You are very lightly contaminated with residual magic.
The quicksilver elemental breathes dispelling energy at you.
The bolt of dispelling energy hits you!!!
* * * LOW HITPOINT WARNING * * *
The Hell Sentinel hits the hellion!!
The hellion dies!
The quicksilver elemental hits you!!
You die...
Your body crumbles into a pile of gold.

####################
#.....E$1...∩.......
#..$..@E$..$....####
#.#######'#.#.......
........W.^
...##.99...
..#..9W#§.#.
.E##.##.##§.. #'#
### ## #'# .2


You could see 2 quicksilver elementals and a neutral Hell Sentinel (distracted,
magic disrupted).

Vanquished Creatures
  Cerebov (Pan)
  the Royal Jelly (Slime:5)
  Gloorx Vloq (Pan)
  Lom Lobon (Pan)
  3 dread liches
  2 ancient liches (Crypt:3)
  A juggernaut (Depths:3)
  Sojobo (Depths:2)
  A pandemonium lord (Pan)
  2 golden dragons (Depths:4)
  9 caustic shrikes
  the Enchantress (Depths:1)
  Nikola (Elf:2)
  2 bone dragons
  2 Brimstone Fiends (Pan)
  An iron giant (Dis:3)
  8 tentacled monstrosities
  A hellephant (Abyss:3)
  2 Hell Sentinels (Dis:3)
  10 Ice Fiends (Pan)
  A shard shrike skeleton (Crypt:1)
  5 liches
  3 quicksilver dragons
  A walking earthen tome (Depths:3)
  17 acid blobs
  2 deep elf blademasters (Elf:3)
  5 titans
  A deep elf master archer (Elf:3)
  8 ancient champions
  A kraken (Abyss:3)
  8 sphinxes
  14 Executioners (Pan)
  A walking frostbound tome (Depths:3)
  Polyphemus (Shoals:2)
  3 tentacled starspawn
  3 storm dragons (Depths:4)
  6 shadow dragons
  4 tengu reavers
  12 azure jellies
  Donald (Shoals:2)
  10 rockslimes
  Ilsuiw (Shoals:4)
  2 revenants
  3 draconian monks (Depths:4)
  12 frost giants
  2 demonspawn warmongers (Pan)
  3 emperor scorpions (Spider:4)
  14 fire giants
  Roxanne (Elf:3)
  3 ghost moths (Spider:4)
  16 vault wardens
  8 deep elf sorcerers
  11 cacodemons (Pan)
  2 iron dragons
  An orc warlord (Orc:2)
  Louise (Shoals:3)
  A quicksilver elemental (Dis:3)
  16 balrugs
  6 deep elf elementalists (Elf:3)
  A draconian stormcaller (Depths:4)
  18 ironbound preservers
  2 draconian annihilators
  3 spriggan defenders (Depths:1)
  4 curse skulls
  8 ghouls
  6 reapers
  2 broodmothers
  5 demonspawn corrupters (Pan)
  9 quicksilver oozes
  5 war gargoyles
  9 very ugly things
  A caustic shrike skeleton (Crypt:2)
  9 ironbound thunderhulks
  Nessos (Lair:3)
  4 vampire knights
  7 deep elf demonologists
  7 green draconians (Depths:4)
  12 stone giants
  3 demonspawn black suns (Pan)
  An ophan (Abyss:3)
  6 lorocyprocas
  5 white draconians (Depths:4)
  3 entropy weavers
  7 deep elf annihilators
  14 dire elephants
  4 black draconians (Depths:4)
  5 spark wasps
  4 purple draconians (Depths:4)
  2 red draconians (Depths:4)
  12 deep elf death magi
  3 eidola (Crypt:2)
  5 green deaths (Pan)
  A mummy priest (Crypt:3)
  8 merfolk javelineers
  8 deep elf high priests
  12 fire dragons
  17 yaktaur captains
  5 ettins
  7 blizzard demons
  9 merfolk impalers
  2 ettins (shapeshifter)
  12 great orbs of eyes
  6 jiangshi
  3 spriggan zombies
  2 hell beasts (Pan)
  Harold (D:11)
  9 ice dragons
  6 spriggan air magi
  3 catoblepae
  A peacekeeper (Vaults:4)
  3 alligator snapping turtles (Shoals:4)
  17 boulder beetles
  26 vault guards
  7 hydras
  5 rakshasas
  5 merfolk aquamancers
  16 centaur warriors
  7 ironbound frosthearts
  3 radroaches
  3 two-headed ogres
  6 death knights
  3 spriggan skeletons
  4 merfolk avatars
  9 deep troll shamans
  4 death yaks (Shoals:2)
  6 nameless horrors
  6 tengu warriors
  2 orc high priests
  6 thrashing horrors (Abyss:3)
  15 vampire magi
  30 dancing weapons
  10 deep troll earth magi
  4 hell hogs
  15 soul eaters (Pan)
  21 deep elf knights
  9 spriggan berserkers
  54 sun demons
  9 hell knights (Depths:3)
  A storm dragon zombie (Depths:3)
  4 crystal echidnas
  Nergalle (D:11)
  A titan skeleton (Crypt:1)
  2 wretched stars (Abyss:3)
  A fire crab (Lair:4)
  5 shadow wraiths (Pan)
  38 skeletal warriors
  7 pharaoh ants
  2 golden dragon zombies (Depths:3)
  6 iron trolls
  14 sixfirhies (Pan)
  3 death drakes
  6 steelbarb worms
  11 sea snakes
  7 glowing orange brains
  A swamp dragon (Lair:5)
  52 deep trolls
  4 flayed ghosts
  5 shadow demons (Pan)
  9 orb spiders
  A bog body (Crypt:3)
  An orange crystal statue (IceCv)
  6 wizards
  Pikel (D:7)
  11 phantasmal warriors
  40 deep elf pyromancers
  17 harpies
  36 deep elf zephyrmancers
  10 necromancers
  16 ironbound convokers
  34 ugly things
  19 lindwurms
  10 deep elf archers
  3 orc knights (Orc:2)
  An anaconda skeleton (Crypt:3)
  2 oklob plants (Lair:4)
  12 wolf spiders
  2 shining eyes
  4 orc sorcerers (Orc:2)
  20 manticores
  A will-o-the-wisp (Abyss:3)
  5 fauns (Shoals:1)
  4 moths of wrath
  6 cyclopes
  2 salamanders (Abyss:3)
  17 elephants
  3 rust devils (Hell)
  2 stone giant skeletons
  An ice statue (Spider:3)
  A worldbinder (Abyss:3)
  5 merfolk sirens
  2 guardian serpents (Abyss:3)
  A fire giant skeleton (Vaults:2)
  7 black mambas
  A centaur zombie (Crypt:3)
  A dire elephant zombie (Crypt:1)
  17 vault sentinels
  A naga mage (Abyss:3)
  A water nymph (shapeshifter) (Vaults:5)
  A torpor snail (Spider:4)
  34 smoke demons
  5 water nymphs
  2 eyes of devastation (Pan)
  3 gargoyles
  9 hellions
  13 orange demons
  An elf skeleton (Vaults:2)
  A catoblepas zombie (Crypt:2)
  A death yak zombie (Crypt:1)
  An unseen horror (shapeshifter) (Depths:4)
  Maggie (D:7)
  A rime drake (shapeshifter) (D:13)
  10 freezing wraiths
  12 demonic crawlers
  4 rime drakes
  2 efreet (Pan)
  An ice devil (Hell)
  3 unseen horrors
  19 cane toads
  8 komodo dragons
  35 yaktaurs
  A golden dragon simulacrum (IceCv)
  5 tengu conjurers
  3 ancient zymes
  A sea snake skeleton (Hell)
  An anaconda simulacrum (IceCv)
  8 tormentors
  A silent spectre (Abyss:3)
  A death yak skeleton (Crypt:3)
  8 catoblepas skeletons
  A red draconian skeleton (Crypt:1)
  29 merfolk
  12 hellwings
  2 trolls (shapeshifter)
  A hydra zombie (Crypt:1)
  A red devil (Pan)
  4 tyrant leeches (Spider:4)
  8 guardian mummies (Crypt:3)
  3 meliai (D:14)
  8 trolls
  A wolf spider simulacrum (D:14)
  9 hornets
  9 polar bears (Lair:5)
  15 blink frogs
  17 tarantellas
  10 wind drakes
  A harpy skeleton (Crypt:1)
  A raiju (Lair:5)
  A fire dragon zombie (Crypt:1)
  99 slime creatures
  19 dream sheep
  A dream sheep (shapeshifter) (Vaults:5)
  12 snapping turtles
  32 jumping spiders
  A jumping spider (shapeshifter) (Elf:1)
  An ettin zombie (Crypt:1)
  24 flying skulls
  A vampire (Bailey)
  2 shadows
  15 water elementals
  22 culicivoras
  11 ynoxinuls
  2 air elementals (Elf:3)
  A yak (shapeshifter) (Vaults:5)
  6 spriggans
  A spriggan (shapeshifter) (Elf:3)
  Eustachio (D:4)
  2 slime creature zombies (Crypt:1)
  27 large abominations
  A dire elephant simulacrum (IceCv)
  4 fire bats (Abyss:3)
  8 wraiths
  5 wyverns
  2 fire elementals (Elf:1)
  A basilisk (shapeshifter) (Elf:2)
  40 yaks
  7 basilisks
  A golden eye (shapeshifter) (D:15)
  33 neqoxecs
  16 golden eyes
  18 chaos spawn
  A wind drake zombie (Crypt:1)
  9 steam dragons
  7 vampire mosquitoes
  Grum (D:8)
  60 redbacks
  3 nagas (Abyss:3)
  A naga (shapeshifter) (Abyss:3)
  11 wargs
  2 harpy simulacra
  Menkaure (D:4)
  7 acid dragons
  2 glowing shapeshifter skeletons
  16 hell hounds
  3 floating eyes (Pan)
  19 water moccasins
  A sky beast (shapeshifter) (Vaults:2)
  27 orc warriors
  A cane toad skeleton (Crypt:2)
  4 sky beasts
  An alligator simulacrum (IceCv)
  16 black bears
  An ettin simulacrum (IceCv)
  5 starcursed masses
  A lindwurm zombie (Crypt:3)
  A swamp drake (Lair:5)
  A snapping turtle zombie (Crypt:3)
  8 ogres
  24 wolves
  6 centaurs
  A lemure (D:7)
  A blink frog skeleton (Crypt:3)
  An elephant skeleton (Crypt:1)
  A hog skeleton (Crypt:2)
  Blork the orc (D:5)
  10 bullfrogs
  A rime drake skeleton (Crypt:2)
  5 necrophages
  11 earth elementals
  2 scorpions
  7 wights
  3 killer bees (D:9)
  2 lindwurm simulacra (IceCv)
  6 vampire bats (Bailey)
  10 electric eels
  4 wolf zombies
  4 howler monkeys
  6 crimson imps
  7 small abominations
  2 quasits (Abyss:3)
  6 hounds
  3 jellies
  17 orc priests
  An iron imp (Abyss:1)
  6 iguanas
  Ijyb (D:4)
  A gnoll bouda (D:10)
  A scorpion zombie (Crypt:1)
  A boggart zombie (Crypt:1)
  17 orc wizards
  An ogre skeleton (Crypt:3)
  A mummy (Crypt:3)
  9 gnolls
  5 adders
  A shadow imp (D:6)
  A steam dragon skeleton (Crypt:3)
  A white imp (Vaults:4)
  2 ufetubi (Abyss:3)
  A jelly zombie (Crypt:2)
  A lava snake skeleton (Crypt:2)
  A worm (D:3)
  2 dart slugs
  61 orcs
  9 ball pythons
  4 endoplasms
  4 giant cockroaches
  7 goblins
  9 hobgoblins
  2 jackals (D:4)
  3 quokkas (D:3)
  5 bats
  A butterfly zombie (Crypt:1)
  2 frilled lizards (D:3)
  A hobgoblin zombie (Crypt:2)
  5 kobolds
  A kobold skeleton (Crypt:1)
  19 orc zombies (Bailey)
  7 rats
  A fire vortex (Pan)
  A lurking horror (Abyss:2)
  2 starspawn tentacles (Abyss:3)
  A tentacle (Abyss:3)
2664 creatures vanquished.

Vanquished Creatures (collateral kills)
  Mnoleg (Pan)
  A juggernaut (Dis:3)
  Geryon (Hell)
  3 caustic shrikes (Dis:1)
  2 pandemonium lords (Pan)
  A golden dragon (Depths:3)
  3 Tzitzimimeh (Pan)
  2 Ice Fiends (Pan)
  3 tentacled monstrosities
  A Hell Sentinel (Dis:3)
  A lich (Vaults:5)
  6 acid blobs
  A quicksilver dragon (Vaults:5)
  A sphinx (Vaults:5)
  4 Executioners (Pan)
  2 eldritch tentacles (Pan)
  4 ancient champions
  A shadow dragon (Vaults:5)
  A draconian monk (Depths:4)
  2 azure jellies
  2 frost giants (Depths:3)
  8 cacodemons (Pan)
  2 vault wardens
  4 iron dragons
  7 balrugs (Pan)
  A deep elf elementalist (Elf:3)
  A quicksilver elemental (Dis:1)
  5 war gargoyles
  A draconian annihilator (Depths:4)
  A stone giant (Vaults:5)
  3 very ugly things
  3 quicksilver oozes
  A reaper (Pan)
  A green draconian (Depths:4)
  2 vampire knights
  2 demonspawn black suns (Pan)
  2 black draconians (Depths:4)
  A red draconian (Depths:4)
  2 lorocyprocas (Pan)
  2 entropy weavers
  2 white draconians (Depths:4)
  3 purple draconians (Depths:4)
  A deep elf death mage (Elf:3)
  2 blizzard demons
  A green death (Hell)
  An ettin (Vaults:5)
  3 iron golems
  A great orb of eyes (Slime:4)
  2 rakshasas
  2 fire dragons (Depths:1)
  7 vault guards (Vaults:5)
  An ironbound frostheart (Vaults:1)
  6 ice dragons
  A deep troll earth mage (Depths:3)
  2 deep troll shamans
  6 soul eaters
  A hell hog (Pan)
  A storm dragon zombie (Depths:1)
  A hell knight (Depths:3)
  16 sun demons
  A crystal echidna (Dis:1)
  A storm dragon skeleton (Pan)
  2 sixfirhies (Pan)
  An iron troll (Depths:3)
  A fire crab (shapeshifter) (Depths:1)
  9 deep trolls
  A shadow demon (Pan)
  A phantasmal warrior (Vaults:5)
  A bunyip skeleton (Pan)
  A glowing orange brain (Pan)
  5 wizards
  An ironbound convoker (Vaults:1)
  A lindwurm (Vaults:2)
  2 necromancers (Depths:3)
  An anaconda skeleton (Hell)
  8 ugly things
  2 shining eyes
  A frost giant zombie (Depths:1)
  An iron dragon skeleton (Depths:1)
  2 vault sentinels (Vaults:1)
  A stone giant skeleton (Vaults:2)
  An eye of devastation (Slime:5)
  Joseph (D:9)
  19 smoke demons (Pan)
  6 rust devils (Hell)
  9 orange demons (Pan)
  2 hellions (Pan)
  2 nameless horrors
  An efreet (Pan)
  8 tormentors
  An ice devil (Hell)
  A yaktaur (Vaults:2)
  3 red devils (Pan)
  2 hellwings (Pan)
  2 spriggan skeletons
  A tarantella (shapeshifter) (Vaults:5)
  36 slime creatures
  A culicivora (Vaults:1)
  4 ynoxinuls (Pan)
  9 golden eyes
  A redback (Vaults:1)
  A wyvern (D:9)
  7 neqoxecs (Pan)
  7 chaos spawn (Pan)
  6 large abominations (Pan)
  2 floating eyes (Pan)
  5 hell hounds (Hell)
  A naga skeleton (Pan)
  A howler monkey (D:9)
  A crimson imp (Pan)
  A shadow imp (Pan)
  2 fire vortices (Hell)
340 creatures vanquished.

Vanquished Creatures (others)
  A pandemonium lord (Pan)
  2 ancient champions (Dis:5)
  A tengu reaver (Depths:4)
  22 eldritch tentacles
  2 reapers (Pan)
  A deep elf annihilator (Pan)
  A red draconian (Depths:4)
  A rakshasa (Pan)
  A sun demon (Pan)
  A smoke demon (Pan)
  2 hellions (Dis:5)
  A tormentor (Dis:5)
  A slime creature (Slime:4)
  A water elemental (Shoals:4)
  A neqoxec (Pan)
  A golden eye (Pan)
  A chaos spawn (Pan)
  An orc (Orc:2)
  6 ball lightnings (Pan)
  A block of ice (Pan)
  8 fire vortices (Pan)
  79 fungi
  A lurking horror (Abyss:3)
  269 plants
  6 starspawn tentacles
  4 tentacles (Abyss:3)
416 creatures vanquished.

Grand Total: 3420 creatures vanquished

Notes
Turn   | Place    | Note
-------+----------+-------------------------------------------
     0 | D:1      | wingedge the Mummy Monk began the quest for the Orb.
     0 | D:1      | Reached XP level 1. HP: 18/18 MP: 1/1
   563 | D:1      | Reached XP level 2. HP: 20/24 MP: 2/2
  1150 | D:1      | Found a faded altar of an unknown god.
  1224 | D:2      | Gained mutation: You are in touch with the powers of death.
                  | [Mummy growth]
  1224 | D:2      | Reached XP level 3. HP: 26/29 MP: 3/3
  2263 | D:3      | Reached skill level 1 in Shields
  2512 | D:3      | Reached skill level 1 in Throwing
  2512 | D:3      | Reached XP level 4. HP: 35/35 MP: 4/4
  2899 | D:4      | Noticed Ijyb
  2900 | D:4      | Noticed an ogre
  2913 | D:3      | Reached skill level 1 in Spellcasting
  3188 | D:4      | Noticed Eustachio
  3191 | D:4      | Killed Ijyb
  3192 | D:4      | Reached skill level 2 in Spellcasting
  3192 | D:4      | Reached XP level 5. HP: 41/41 MP: 6/8
  3211 | D:4      | Killed Eustachio
  3212 | D:4      | Reached XP level 6. HP: 30/47 MP: 7/9
  3349 | D:4      | Noticed Menkaure
  3352 | D:4      | Killed Menkaure
  3353 | D:4      | Reached skill level 5 in Short Blades
  3353 | D:4      | Reached XP level 7. HP: 52/52 MP: 10/10
  3402 | D:4      | Found a shimmering altar of Xom.
  3408 | D:4      | Reached skill level 1 in Evocations
  3451 | D:4      | Reached skill level 3 in Spellcasting
  3747 | D:5      | Entered Level 5 of the Dungeon
  3804 | D:5      | Found Vupsos's General Store.
  3897 | D:5      | Bought a scroll of teleportation for 42 gold pieces
  3897 | D:5      | Bought a scroll of identify for 28 gold pieces
  3897 | D:5      | Bought a scroll of identify for 28 gold pieces
  3977 | D:5      | Noticed Blork the orc
  3997 | D:5      | Killed Blork the orc
  4112 | D:5      | Reached skill level 4 in Spellcasting
  4290 | D:5      | Reached skill level 5 in Fighting
  4290 | D:5      | Reached XP level 8. HP: 62/62 MP: 14/14
  5045 | D:5      | Reached skill level 5 in Spellcasting
  5412 | D:6      | Reached skill level 6 in Spellcasting
  5682 | D:6      | Reached XP level 9. HP: 17/69 MP: 5/18
  6488 | D:6      | Learned a level 3 spell: Inner Flame
  6529 | D:7      | Reached skill level 1 in Hexes
  6669 | D:7      | Noticed Maggie
  6701 | D:7      | Noticed Pikel
  6734 | D:7      | Killed Pikel
  6742 | D:7      | Killed Maggie
  6903 | D:7      | Found a staircase to the Ecumenical Temple.
  6911 | Temple   | Entered the Ecumenical Temple
  7103 | Temple   | Became a worshipper of Gozag Ym Sagoz the Greedy
  7318 | Temple   | Reached skill level 5 in Stealth
  7402 | D:7      | Reached skill level 1 in Fire Magic
  7549 | D:8      | Noticed a troll
  7559 | D:8      | Killed a troll
  7560 | D:8      | Reached XP level 10. HP: 62/79 MP: 14/20
  7735 | D:8      | Noticed a two-headed ogre
  7743 | D:8      | Reached skill level 7 in Spellcasting
  7757 | D:8      | Killed a two-headed ogre
  7758 | D:8      | Reached skill level 1 in Armour
  8095 | D:8      | Learned a level 4 spell: Cause Fear
  8395 | D:8      | Reached skill level 5 in Dodging
  8795 | D:8      | Noticed Grum
  8799 | D:8      | Killed Grum
  8827 | D:8      | Reached skill level 8 in Spellcasting
  9163 | D:9      | Found a flagged portal.
  9170 | D:9      | Identified the +3 spear of Bobed {flame, *Rage rF++}
  9209 | Bailey   | Entered a bailey
  9500 | Bailey   | Found the +2 cloak of the Thief {*Fog Slay-2 SInv Stlth+}
  9502 | Bailey   | Got the Encyclopedia of Shapes and Hoarfrost
  9668 | Bailey   | Identified the +1 leather armour "Syisof" {rPois Will+
                  | Slay+3}
  9715 | Bailey   | Learned a level 3 spell: Ozocubu's Armour
  9721 | Bailey   | Learned a level 5 spell: Yara's Violent Unravelling
  9724 | Bailey   | Noticed a gargoyle
  9738 | Bailey   | Killed a gargoyle
  9739 | Bailey   | Reached skill level 1 in Ice Magic
  9822 | Bailey   | Reached skill level 5 in Hexes
 10486 | D:9      | Noticed a deep elf pyromancer
 10785 | D:9      | Reached skill level 1 in Necromancy
 10785 | D:9      | Reached XP level 11. HP: 27/84 MP: 6/23
 10785 | D:9      | Noticed a two-headed ogre
 11122 | D:9      | Noticed a brown ugly thing
 11157 | D:9      | Killed a brown ugly thing
 11158 | D:9      | Reached skill level 1 in Earth Magic
 11453 | D:9      | Killed a deep elf pyromancer
 11490 | D:9      | Killed a two-headed ogre
 11850 | D:9      | Found a staircase to the Orcish Mines.
 11910 | D:9      | Noticed Joseph
 11940 | D:9      | Killed Joseph
 12171 | D:9      | Found a hazy altar of Hepliaklqana.
 12171 | D:9      | Found a basalt altar of Yredelemnul.
 12240 | D:9      | Found a radiant altar of Vehumet.
 12240 | D:9      | Found a shimmering blue altar of Sif Muna.
 12356 | D:10     | Entered Level 10 of the Dungeon
 12410 | D:10     | Reached skill level 5 in Necromancy
 12529 | D:10     | Reached skill level 9 in Spellcasting
 12721 | D:10     | Noticed a two-headed ogre
 12747 | D:10     | Killed a two-headed ogre
 13266 | D:10     | Found a staircase to the Lair.
 13273 | D:10     | Learned a level 5 spell: Borgnjor's Vile Clutch
 13352 | D:10     | Reached skill level 10 in Spellcasting
 13867 | Lair:1   | Entered Level 1 of the Lair of Beasts
 13975 | Lair:1   | Noticed a five-headed hydra
 14031 | Lair:1   | Reached skill level 1 in Transmutations
 14349 | Lair:1   | Identified the +2 mace of Nemelex Xobeh's Pride {pain,
                  | Int+2}
 14390 | Lair:1   | You fall into a shaft and drop 1 floor!
 15042 | Lair:1   | Reached skill level 1 in Maces & Flails
 15281 | Lair:1   | Reached skill level 5 in Earth Magic
 15281 | Lair:1   | Reached XP level 12. HP: 44/91 MP: 14/26
 15701 | Lair:1   | Identified a scroll of acquirement
 15707 | Lair:1   | Acquired 1021 gold pieces
 15717 | Lair:1   | Bought the +4 pair of boots of Pitheur {rPois Stlth+} for
                  | 577 gold pieces
 15791 | Lair:1   | Killed a five-headed hydra
 17126 | Lair:2   | Found a broken altar of Ashenzari.
 17738 | Lair:2   | Reached skill level 11 in Spellcasting
 18042 | Lair:2   | Found a hole to the Spider Nest.
 18422 | Lair:2   | Noticed a six-headed hydra
 18954 | Lair:2   | Identified the +6 buckler of Sampowyf {Contam rN+ Regen+
                  | Dex+9}
 19016 | Lair:2   | Killed a six-headed hydra
 19616 | Lair:3   | Gained mutation: You are strongly in touch with the powers
                  | of death. [Mummy growth]
 19616 | Lair:3   | Reached XP level 13. HP: 96/96 MP: 2/28
 20188 | Lair:3   | Noticed Nessos
 20355 | Lair:3   | Killed Nessos
 20949 | Lair:3   | Found a staircase to the Shoals.
 21224 | Lair:4   | Found a staircase to the Slime Pits.
 21363 | Lair:4   | Found a dark tunnel.
 21369 | Volcano  | Entered a volcano
 21707 | Volcano  | Noticed a fire dragon
 21725 | Volcano  | Killed a fire dragon
 21726 | Volcano  | Reached skill level 5 in Transmutations
 21872 | Volcano  | Identified the +1 cloak of the Heavens {+Inv, rF- rC++}
 23399 | Lair:5   | Entered Level 5 of the Lair of Beasts
 23718 | Lair:5   | Reached skill level 12 in Spellcasting
 24097 | Lair:5   | Learned a level 5 spell: Metabolic Englaciation
 24157 | Lair:5   | Reached XP level 14. HP: 105/105 MP: 26/30
 25305 | Lair:5   | Reached skill level 13 in Spellcasting
 27215 | D:11     | Noticed Nergalle
 27223 | D:11     | Killed Nergalle
 27765 | D:11     | Noticed Harold
 27783 | D:11     | Killed Harold
 28762 | D:12     | Reached skill level 5 in Ice Magic
 29050 | Orc:1    | Entered Level 1 of the Orcish Mines
 29062 | Orc:1    | Reached skill level 5 in Maces & Flails
 29439 | Orc:1    | You fall into a shaft and drop 1 floor!
 29439 | Orc:2    | Entered Level 2 of the Orcish Mines
 29482 | Orc:2    | Reached XP level 15. HP: 102/113 MP: 17/32
 29516 | Orc:2    | Reached skill level 10 in Hexes
 29947 | Orc:2    | Noticed an orc warlord
 29967 | Orc:2    | Killed an orc warlord
 30080 | Orc:2    | Found Ridudug's Book Shoppe.
 30345 | Orc:2    | Found Ezuqiwk's Antique Weapon Shoppe.
 30365 | Orc:2    | Bought a Trismegistus Codex for 336 gold pieces
 30365 | Orc:2    | Bought a book of Alchemy for 336 gold pieces
 30365 | Orc:2    | Bought a book of Debilitation for 240 gold pieces
 30393 | Orc:2    | Learned a level 3 spell: Confusing Touch
 30399 | Orc:2    | Learned a level 5 spell: Irradiate
 30589 | Orc:2    | Found a staircase to the Elven Halls.
 30910 | Orc:2    | Found Xeocaklo's General Store.
 30916 | Orc:2    | Bought a scroll of blinking for 112 gold pieces
 30925 | Orc:2    | Found Nyrar's Antique Armour Shoppe.
 31583 | D:12     | Bought an amulet of magic regeneration for 360 gold pieces
 31583 | D:12     | Bought a +4 ring of evasion for 432 gold pieces
 31602 | D:12     | Learned a level 5 spell: Freezing Cloud
 31680 | D:13     | Reached skill level 1 in Conjurations
 31680 | D:13     | Reached skill level 1 in Air Magic
 31696 | D:13     | Reached skill level 5 in Shields
 32871 | D:14     | Found a gate to the Vaults.
 33646 | D:14     | Learned a level 3 spell: Mephitic Cloud
 33856 | D:15     | Entered Level 15 of the Dungeon
 34045 | D:15     | Reached skill level 1 in Poison Magic
 34190 | D:15     | Identified the +4 dagger "Qotzuas" {freeze, rElec rN+}
 34262 | D:15     | Found a blossoming altar of Fedhas.
 34294 | D:15     | Found a portal to a secret trove of treasure.
 34663 | D:15     | Found a staircase to the Depths.
 35080 | Spider:1 | Entered Level 1 of the Spider Nest
 35134 | Spider:1 | Reached skill level 5 in Conjurations
 35856 | Spider:1 | Reached skill level 5 in Air Magic
 36213 | Spider:2 | Reached XP level 16. HP: 116/120 MP: 33/33
 37476 | Spider:2 | Reached skill level 14 in Spellcasting
 38433 | Spider:3 | Reached skill level 10 in Fighting
 38564 | Spider:3 | Found a frozen archway.
 38631 | IceCv    | Entered an ice cave
 38651 | IceCv    | Found a transporter.
 38820 | IceCv    | Found a transporter.
 38831 | IceCv    | Reached skill level 15 in Spellcasting
 39263 | Spider:4 | Entered Level 4 of the Spider Nest
 40160 | Spider:4 | Reached skill level 10 in Conjurations
 41337 | Spider:4 | Reached XP level 17. HP: 128/128 MP: 22/36
 41699 | Spider:4 | Reached skill level 10 in Necromancy
 41953 | Spider:4 | Identified the +1 hat of the Chupacabra {rC+ Stlth+}
 41988 | Spider:4 | Got a gossamer rune of Zot
 42478 | Orc:2    | Bought the Folio of Battle Magic and the Pyromaniac for 312
                  | gold pieces
 42484 | Orc:2    | Learned a level 5 spell: Fireball
 42640 | Shoals:1 | Entered Level 1 of the Shoals
 44006 | Shoals:1 | Learned a level 6 spell: Iron Shot
 44578 | Shoals:1 | Found Fuughij's CLEARANCE SALE!.
 44581 | Shoals:1 | Bought a wand of digging (4) for 67 gold pieces
 44843 | Shoals:2 | Noticed Donald
 44849 | Shoals:2 | Noticed Polyphemus
 44967 | Shoals:2 | Found Udghijamad's One-of-a-Kind Rings.
 44975 | Shoals:2 | Bought the ring "Wyrhicuf" {rF+ rC- Dex+8} for 668 gold
                  | pieces
 45926 | Shoals:2 | Killed Polyphemus
 46230 | Shoals:2 | Killed Donald
 46597 | Shoals:2 | Reached skill level 1 in Long Blades
 48712 | Shoals:4 | Entered Level 4 of the Shoals
 48772 | Shoals:4 | Noticed Louise
 48806 | Shoals:3 | Killed Louise
 49115 | Shoals:2 | Bought the ring "Tuluf" {rC+ Will+ Str+6} for 889 gold
                  | pieces
 49317 | Shoals:4 | Identified the +4 dagger of Juwec {venom, rElec rPois Str+4
                  | Int-4 Dex-3}
 49318 | Shoals:4 | Reached skill level 16 in Spellcasting
 49663 | Shoals:4 | Identified the +8 rapier of Lurav {drain, rCorr Dex+4}
 49802 | Shoals:4 | Reached skill level 5 in Armour
 49807 | Shoals:4 | Reached XP level 18. HP: 138/138 MP: 24/38
 50115 | Shoals:4 | Acquired a book of Unlife
 50309 | Shoals:4 | Noticed Ilsuiw
 50553 | Shoals:4 | Killed Ilsuiw
 51621 | Shoals:4 | Got a barnacled rune of Zot
 52066 | Slime:1  | Entered Level 1 of the Pits of Slime
 52479 | Slime:1  | Reached skill level 17 in Spellcasting
 52618 | Lair:4   | Learned a level 6 spell: Death Channel
 52939 | Slime:1  | You fall into a shaft and drop 1 floor!
 54780 | Slime:3  | Reached skill level 10 in Shields
 55689 | Slime:4  | Reached XP level 19. HP: 117/146 MP: 5/40
 56343 | Slime:5  | Entered Level 5 of the Pits of Slime
 57275 | Slime:5  | Noticed the Royal Jelly
 57285 | Slime:5  | Killed the Royal Jelly
 57571 | Slime:5  | Reached skill level 10 in Earth Magic
 58375 | Slime:5  | Found the +3 hat of Pondering {ponderous, Will+ MP+10
                  | Int+5}
 58376 | Slime:5  | Identified the +0 plate armour of the Tortured God {Str+2
                  | Stlth+}
 58478 | Slime:5  | Got a slimy rune of Zot
 58496 | Slime:5  | Identified the +1 great mace of Oliodalu {vorpal, rElec}
 58527 | Slime:5  | Identified the ring "Maimiost" {Ice Contam Str+4 Dex+7}
 58542 | Slime:5  | Identified the +1 dagger of Verdant Watchfulness {vorpal,
                  | Stlth+}
 58567 | Slime:5  | Identified the +2 hat of Poz Xui {rF+}
 58615 | Slime:5  | Identified the +1 short sword "Tyacu" {spect, *Slow rElec
                  | rF+++ rC+}
 58937 | Slime:5  | Bought the +0 mask of the Dragon {Will+ Slay+3 SInv} for
                  | 467 gold pieces
 58937 | Slime:5  | Found the +0 mask of the Dragon {Will+ Slay+3 SInv}
 58937 | Slime:5  | Bought a +1 pair of gloves of infusion for 231 gold pieces
 59219 | Elf:1    | Entered Level 1 of the Elven Halls
 61077 | Elf:1    | Got the Precepts of Beckoning
 62369 | Elf:2    | Reached skill level 5 in Long Blades
 63053 | Elf:2    | Reached XP level 20. HP: 133/159 MP: 27/41
 63133 | Elf:2    | Found a runed translucent gate.
 63134 | Elf:2    | Found a runed translucent gate.
 63134 | Elf:2    | Found a runed translucent gate.
 63172 | Elf:2    | Noticed Nikola
 63181 | Elf:2    | Killed Nikola
 64559 | Elf:3    | Entered Level 3 of the Elven Halls
 64560 | Elf:3    | Found Vetweg's Distillery.
 65495 | Elf:3    | Paralysed by an air elemental for 1 turns
 65673 | Elf:3    | Identified the +0 plate armour "Refask" {Harm Str+8 Dex-5}
 65970 | Elf:3    | Reached skill level 18 in Spellcasting
 65975 | Elf:3    | Identified the +4 broad axe of the Oily God {flame, Fragile
                  | rPois Str+3 Dex+5}
 66223 | Elf:3    | Identified the +4 ring mail of Exclusion {rF++ Will- Str+6}
 67683 | Elf:3    | Identified Roxanne's Book of Bedrock
 67683 | Elf:3    | Noticed Roxanne
 67686 | Elf:3    | Paralysed by an air elemental for 1 turns
 67695 | Elf:3    | Killed Roxanne
 67695 | Elf:3    | Paralysed by an air elemental for 1 turns
 67998 | Elf:3    | Got the Guide on Petrous Invitation
 68002 | Elf:3    | Got Roxanne's Quarto of Shifting Geology
 68042 | Elf:3    | Got the Octavo of the Oath
 68224 | Elf:3    | Learned a level 5 spell: Lee's Rapid Deconstruction
 68549 | D:14     | Acquired 633 gold pieces
 68606 | D:14     | Learned a level 7 spell: Enfeeble
 68608 | Vaults:1 | Entered Level 1 of the Vaults
 68782 | Vaults:1 | Reached skill level 1 in Summonings
 68919 | Vaults:1 | Reached skill level 19 in Spellcasting
 69210 | Vaults:1 | Found Ruachupn's Antique Weapon Shop.
 69512 | Vaults:1 | Reached XP level 21. HP: 153/165 MP: 7/44
 73423 | Vaults:2 | Found a staircase to the Crypt.
 73528 | Crypt:1  | Entered Level 1 of the Crypt
 74718 | Crypt:1  | Reached skill level 15 in Fighting
 75641 | Crypt:1  | Found an ancient bone altar of Kikubaaqudgha.
 76185 | Crypt:2  | Reached skill level 10 in Long Blades
 76696 | Crypt:2  | Reached XP level 22. HP: 175/175 MP: 20/45
 77664 | Crypt:3  | Entered Level 3 of the Crypt
 78906 | Crypt:3  | Found a staircase to the Tomb.
 79064 | Crypt:3  | Found the +5 glaive of the Guard {elec, spectral, AC+5}
 79741 | Crypt:3  | Noticed a dread lich
 79877 | Crypt:3  | Killed a dread lich
 80021 | Crypt:3  | Noticed an ancient lich
 80021 | Crypt:3  | Noticed an ancient lich
 80036 | Crypt:3  | Killed an ancient lich
 80039 | Crypt:3  | Killed an ancient lich
 80589 | Vaults:3 | Reached skill level 5 in Summonings
 81387 | Vaults:3 | Identified the +9 rapier of Profit {flame, Dex+2}
 81739 | Vaults:3 | Found Busaat's Jewellery Shop.
 81747 | Vaults:3 | Bought a ring of flight for 227 gold pieces
 81905 | Vaults:3 | Identified the +8 arbalest "Zalofy" {penet, rN+}
 82675 | Vaults:4 | Learned a level 7 spell: Haunt
 83097 | Vaults:4 | Reached XP level 23. HP: 147/185 MP: 34/46
 83902 | Vaults:4 | Identified the +1 ring mail of the Hanged Man {rC- Int+4
                  | SInv}
 85265 | Vaults:5 | Entered Level 5 of the Vaults
 85688 | Vaults:5 | Identified the ring of Suspicion {Fly AC+4 Dex+4 SInv
                  | Stlth-}
 85978 | Vaults:5 | Identified the ring "Irygoe" {Ice Will+}
 85997 | Vaults:5 | Identified the +0 pair of boots of Bank {rElec rC+ Int-3}
 86090 | Vaults:5 | Reached skill level 15 in Necromancy
 86273 | Vaults:5 | Identified the +7 morningstar of Egomania {drain, rPois rC-
                  | Dex+8}
 86654 | Vaults:5 | Got a silver rune of Zot
 87029 | Vaults:5 | Noticed a dread lich
 87039 | Vaults:5 | Killed a dread lich
 87260 | Vaults:5 | Identified the +6 great sword of Bespelled Duty {vamp,
                  | rPois Int+5 Stlth+}
 87304 | Vaults:5 | Noticed a dread lich
 87313 | Vaults:5 | Killed a dread lich
 87517 | Vaults:5 | Reached skill level 10 in Summonings
 87680 | Vaults:5 | Reached XP level 24. HP: 160/192 MP: 28/46
 87773 | Vaults:5 | Found Hueh's Antique Armour Shop.
 87773 | Vaults:5 | Found the +10 tower shield of Ignorance {rN+ Int-4}
 87780 | Vaults:5 | Bought a pair of masterwork boots for 437 gold pieces
 87780 | Vaults:5 | Identified the +1 pair of boots of Rotation {SInv} (You
                  | bought it in a shop on level 5 of the Vaults)
 87780 | Vaults:5 | Bought a pair of runed boots for 345 gold pieces
 88283 | D:15     | Learned a level 7 spell: Spellforged Servitor
 88285 | Depths:1 | Entered Level 1 of the Depths
 88328 | Depths:1 | You are sucked into a shaft and drop 1 floor!
 88476 | Depths:2 | Found a one-way gate leading to the halls of Pandemonium.
 88487 | Depths:2 | Found a transporter.
 88815 | Depths:1 | Found an opulent altar of Gozag.
 88947 | Depths:1 | Identified the +2 helmet "Axan" {rF- rCorr Str-2 Int+8}
 89050 | Depths:1 | Noticed the Enchantress
 89056 | Depths:1 | Killed the Enchantress
 89913 | Depths:1 | Found a gateway to Hell.
 90017 | Depths:1 | Found an opulent altar of Gozag.
 90023 | Depths:1 | Found an opulent altar of Gozag.
 90028 | Depths:1 | Found an opulent altar of Gozag.
 90102 | Depths:1 | Found a hazy altar of Hepliaklqana.
 90305 | Depths:2 | Noticed Sojobo
 90507 | Depths:2 | Found a one-way gate to the infinite horrors of the Abyss.
 90623 | Depths:2 | Identified the ring "Diyloe" {rElec rN+}
 90635 | Depths:2 | Killed Sojobo
 91050 | Depths:2 | Identified the +7 morningstar "Luxetsoe" {drain, Fly rElec
                  | rF- rC++}
 91214 | Depths:2 | Identified the ring of Vyrhasyl {*Slow rPois rCorr MP-9
                  | SInv}
 91272 | Depths:2 | Found Etez's Armour Emporium.
 91750 | Depths:2 | Identified the ring "Muijia" {MP+9 Dex+4 SInv}
 91838 | Depths:2 | Found the ring of Shadows {Umbra +Inv Stlth+}
 91848 | Depths:2 | Reached skill level 20 in Spellcasting
 92765 | Depths:2 | Found a transporter.
 92954 | Depths:2 | Voluntarily entered the Abyss.
 93060 | Abyss:2  | Found a corrupted altar of Lugonu.
 93390 | Abyss:2  | Found a corrupted altar of Lugonu.
 93739 | Abyss:3  | Reached skill level 21 in Spellcasting
 94075 | Abyss:3  | Got an abyssal rune of Zot
 94194 | Abyss:3  | Reached XP level 25. HP: 169/201 MP: 30/48
 94553 | Depths:2 | Escaped the Abyss
 95100 | Depths:3 | Identified the +1 leather armour of Beceog {rCorr}
 95104 | Depths:3 | Found a one-way gateway to a ziggurat.
 95868 | Depths:3 | Learned a level 5 spell: Metabolic Englaciation
 96070 | Depths:3 | Noticed a juggernaut
 96084 | Depths:3 | Killed a juggernaut
 97094 | Depths:3 | Found a shimmering blue altar of Sif Muna.
 97192 | Depths:3 | Found Kayze's Superior Scales.
 97196 | Depths:3 | Identified the +4 scimitar of Muss {spect, rPois Will-
                  | Dex+2}
 97285 | Depths:4 | Entered Level 4 of the Depths
 97292 | Depths:4 | Reached skill level 10 in Dodging
 97630 | Depths:4 | Found a corrupted altar of Lugonu.
 97791 | Depths:4 | Reached skill level 22 in Spellcasting
 97991 | Depths:4 | Found a hide-covered altar of Uskayaw.
 98031 | Depths:4 | Found Ubluodgh's Jewellery Emporium.
 98036 | Depths:4 | Found Kiozir's Antique Weapon Emporium.
 98047 | Depths:4 | Bought the ring of Truth {rF+ Int+6 Dex-2 SInv} for 892
                  | gold pieces
 98190 | Depths:4 | Reached skill level 23 in Spellcasting
 98533 | Depths:4 | Found a gate to the Realm of Zot.
 98637 | Depths:4 | Reached XP level 26. HP: 198/208 MP: 48/50
 99183 | Depths:4 | Reached skill level 24 in Spellcasting
 99600 | Depths:4 | Learned a level 5 spell: Manifold Assault
 99761 | Pan      | Entered Pandemonium
 99921 | Pan      | Reached skill level 1 in Translocations
101021 | Pan      | Noticed Wunithum the pandemonium lord
101045 | Pan      | Killed Wunithum the pandemonium lord
101256 | Pan      | Reached skill level 25 in Spellcasting
101355 | Pan      | Reached skill level 5 in Translocations
101402 | Pan      | Learned a level 4 spell: Passage of Golubria
102297 | Pan      | Entered the realm of Mnoleg.
103056 | Pan      | Noticed Mnoleg
103065 | Pan      | Paralysed by a floating eye for 2 turns
103074 | Pan      | Paralysed by a floating eye for 3 turns
103090 | Pan      | Paralysed by a floating eye for 2 turns
103106 | Pan      | Killed Mnoleg
103578 | Pan      | Got a glowing rune of Zot
103625 | Pan      | Entered the realm of Gloorx Vloq.
104315 | Pan      | Noticed Gloorx Vloq
104316 | Pan      | Got a dark rune of Zot
104327 | Pan      | Killed Gloorx Vloq
104530 | Pan      | Reached skill level 26 in Spellcasting
104530 | Pan      | Reached XP level 27. HP: 166/217 MP: 47/53
104747 | Pan      | Entered the realm of Cerebov.
104753 | Pan      | Identified the +8 falchion "Kekkad" {holy, rPois Int+3}
104770 | Pan      | Learned a level 7 spell: Malign Gateway
104785 | Pan      | Found the +6 sword of Cerebov {flame}
104785 | Pan      | Noticed Cerebov
104812 | Pan      | Killed Cerebov
104813 | Pan      | Identified the ring of Geer {rElec rN+ Str-5 Dex-4 Stlth+}
105023 | Pan      | Identified the ring "Iwnoefri" {Fly rPois rC++ Int+6}
105279 | Pan      | Got a fiery rune of Zot
105305 | Pan      | Identified the +3 scale mail of Hoamutix {Will+ Dex+4}
105590 | Pan      | Noticed Rycastri the pandemonium lord
105609 | Pan      | Killed Rycastri the pandemonium lord
105626 | Pan      | Reached skill level 27 in Spellcasting
106293 | Pan      | Found a huge runed translucent gate.
106300 | Pan      | Found a huge runed translucent gate.
106300 | Pan      | Found a huge runed translucent gate.
106302 | Pan      | Found a huge runed translucent gate.
106302 | Pan      | Found a huge runed translucent gate.
106310 | Pan      | Found a huge runed translucent gate.
106326 | Pan      | Learned a level 8 spell: Discord
106330 | Pan      | Found a huge runed translucent gate.
106335 | Pan      | Noticed Refink the pandemonium lord
106352 | Pan      | Killed Refink the pandemonium lord
106520 | Pan      | Entered the realm of Lom Lobon.
106543 | Pan      | Found an exit through the horrors of the Abyss.
107494 | Pan      | Noticed Lom Lobon
107523 | Pan      | Killed Lom Lobon
107524 | Pan      | Reached skill level 15 in Conjurations
107704 | Pan      | Got a magical rune of Zot
107804 | Pan      | Identified the +1 leather armour of Negligence {rPois Dex+2
                  | Stlth+}
108132 | Pan      | Noticed Midalanayt the pandemonium lord
108142 | Pan      | Killed Midalanayt the pandemonium lord
108856 | Pan      | Identified the ring of the Serpent {*Corrode +Blink rPois
                  | Str+6}
109217 | Pan      | Got a demonic rune of Zot
109365 | Pan      | Found an exit through the horrors of the Abyss.
110559 | Pan      | Took an exit into the Abyss.
110559 | Abyss:3  | Escaped into the Abyss
110587 | Depths:3 | Escaped the Abyss
111016 | Slime:5  | Bought a +0 cloak of preservation for 161 gold pieces
111498 | Hell     | Entered the Vestibule of Hell
111498 | Hell     | Noticed Geryon
111512 | Hell     | Killed Geryon
111891 | Hell     | Found a gateway to the Iron City of Dis.
111896 | Dis:1    | Entered Level 1 of the Iron City of Dis
112073 | Dis:1    | Reached skill level 10 in Translocations
112233 | Dis:1    | Learned a level 8 spell: Lehudib's Crystal Spear
112471 | Dis:1    | Reached skill level 15 in Hexes
112716 | Dis:3    | Noticed a juggernaut
112772 | Dis:3    | Killed a juggernaut
113156 | Dis:5    | Mangled by a quicksilver elemental

Illustrated notes

Levels and vault maps discovered:
D:1:      erik_arrival_cave_to_civilisation [erik_arrival_cave_to_hall],
          layout_rooms, chequers_ecumenical_altar_simple
D:2:      layout_loops_ring
D:3:      layout_loops_ring
D:4:      layout_rooms, led_xom_imps, kennysheep_generic_room_10, uniq_ijyb,
          uniq_menkaure, uniq_eustachio
D:5:      layout_loops_cross, tso_metal_star, nicolae_inconvenience_store,
          uniq_blork_the_orc
D:6:      layout_basic, kennysheep_dice
D:7:      layout_basic, minmay_temple_entry_slanted, uniq_maggie, uniq_pikel
D:8:      layout_loops_ring, uniq_grum
D:9:      minmay_curly_fans, layout_rooms, nicolae_overflow_two_pavilions,
          mainiacjoe_overflow_divided_tiny, minmay_orc_entry_temple_small,
          enter_bailey_2, uniq_joseph
D:10:     layout_basic, due_lair_maze_entry_diamond, minivault_22
D:11:     layout_roguey, evilmike_minifort, uniq_harold, uniq_nergalle
D:12:     layout_cave_pools
D:13:     layout_gridville
D:14:     layout_big_octagon, serial_park_fountain, kennysheep_generic_room_12
D:15:     grunt_enter_depths_hoard, layout_irregular_city, hex_medium,
          nicolae_trove_entry_crystal, fedhas_altar_fruit_tree
Temple:   eino_temple_rhombus
Lair:1:   layout_long_grid, gammafunk_lair_bear_cave
Lair:2:   layout_cave_pods, nicolae_spider_entry_tight_spaces, basic_altar,
          beast_lair_carwin_6
Lair:3:   layout_regular_city, minmay_shoals_entry_hut, grunt_megastairs_4,
          uniq_nessos
Lair:4:   dpeg_oklob_shooting_range, layout_gridlike, slime_entry_1,
          nicolae_volcano_entry_s_turn
Lair:5:   hangedman_lair_caniforms_friends, layout_small_grid,
          guppyfry_lair_end_dragon
Shoals:1: layout_shoals, nicolae_shop_clearance
Shoals:2: layout_shoals, nicolae_shop_unique_rings, uniq_donald, uniq_polyphemus
Shoals:3: layout_shoals, nicolae_shoals_dead_sea_scrolls
Shoals:4: shoals_end_hangedman, layout_shoals, shoal_ilsuiw, uniq_louise
Spider:1: layout_spider_delve
Spider:2: layout_cave_pods
Spider:3: layout_cave_pods, portal_ice_cave_entry_ice_statue_one
Spider:4: spider_rune_water, hangedman_stitches_earthworm
Slime:1:  layout_caves, nicolae_slime_phagocytosis
Slime:2:  layout_caves
Slime:3:  layout_caves
Slime:4:  layout_caves
Slime:5
Orc:1:    layout_caves, bh_open_orc_temple
Orc:2:    grunt_orc_cross, layout_caves, elves_outpost_lemuel
Elf:1:    elf_arrival_001, layout_geoelf_diagonals, minmay_elf_demonology,
          grunt_megastairs_3
Elf:2:    elven_hall_of_blades_hangedman_original
          [nicolae_blade_entry_hurt_lockers], layout_geoelf_grid, uniq_nikola
Elf:3:    minmay_elf_hall_curves, layout_gridlike, serial_shops, shop,
          uniq_roxanne
Vaults:1: nicolae_vaults_circle_grid_a, vaults_dpeg_diagonal,
          nicolae_vaults_specimen_jars, vaults_room_grid,
          ontoclasm_vaults_loading_screen, vaults_room_stairs_pillars,
          v_pattern_3, vaults_dpeg_encased_lava,
          nicolae_vaults_mini_display_case, layout_vaults_omnigrid,
          serial_shops, shop
Vaults:2: hangedman_vaults_restitches, blue_anna_dwarven_crypt,
          ontoclasm_vaults_misaligned, vaults_mumra_chevron,
          ontoclasm_vaults_chip, v_pattern_5, ontoclasm_vaults_hangar,
          grunt_vaults_hallway_short, v_misc_8, ontoclasm_vaults_ligature,
          v_misc_13, dpeg_vaults_monster_box, vaults_room_corners,
          vaults_dpeg_emergency_exit, layout_vaults_chaotic_city
Vaults:3: hangedman_vaults_variations, vaults_mumra_chevron_long,
          st_smaller_cells, nicolae_vaults_three_branches,
          nicolae_vaults_rhombus_6, nicolae_vaults_circle_grid_a,
          ontoclasm_vaults_bender, nicolae_vaults_diagonal_hallway_8, v_misc_18,
          nicolae_vaults_ring_of_whatevers, nicolae_vaults_yaktaur_gun_rack,
          nicolae_vaults_little_squares_3, hangedman_vaults_stretched_pinwheel,
          vaults_mumra_hex, layout_vaults_ring, serial_shops, shop_statue
Vaults:4: v_misc_15, v_rooms_5, nicolae_vaults_little_squares_6,
          ontoclasm_vaults_eye, nicolae_vaults_network_barrier, v_misc_22,
          nicolae_vaults_network_star, v_alt_pattern_4, vaults_room_boxed,
          hangedman_vaults_impose, serial_ice_h, hangedman_vaults_maws,
          layout_vaults_omnibox
Vaults:5
Crypt:1:  layout_regular_city, basic_altar, fountainhead, tombwall_bobbens
Crypt:2:  layout_regular_city, st_stairs_12
Crypt:3:  david_glass_crypt, layout_gridlike, tomb_entry_sphere_bobbens,
          wad_floor_pattern_untrapped
Depths:1: layout_basic, pf_coc_iceberg, nicolae_gozag_conspicuous_consumption,
          worldfamousw_hep_ancestral_shrine, serial_bayou_shore_b,
          uniq_enchantress
Depths:2: hangedman_spin_cycle, pan_entry, hell_entry, serial_shops, abyss_entry
Depths:3: minmay_the_grid_octo_triangle [minmay_the_grid_octo_horde,
          minmay_the_grid_octo_prize_star, minmay_the_grid_octo_checkerflower],
          layout_gridlike, enter_ziggurat_b, pan_entry, abyss_entry_crystal,
          led_sif_pool, hell_entry, hellmonk_scale_shop, uniq_margery
Depths:4: lemuel_castle_with_subvaults [lemuel_castle_interior_original],
          layout_cave_shapes, abyss_entry_flame_altar, hell_entry,
          nicolae_uskayaw_dance_hall, minmay_shop_star
Hell
Dis:1:    layout_subdivisions
Dis:2:    layout_jigsaw, nicolae_hells_seeping_fissure
Dis:3:    layout_subdivisions, nicolae_dis_step_into_the_octagon
Dis:4:    layout_subdivisions
Dis:5:    hangedman_dis_monolith, layout_regular_city

Skill      XL: |  1  2  3  4  5  6  7  8  9 10 11 12 13 14 15 16 17 18 19 20 21 22 23 24 25 26 27 |
---------------+----------------------------------------------------------------------------------+-----
Stealth        | 2 3 5 |  5.0
Short Blades   | 3 5 6 |  6.9
Dodging        | 3 4 5 6 7 10 | 10.0
Shields        | 1 2 3 4 5 10 11 12 14 | 14.0
Throwing       | 1 2 3 |  3.0
Spellcasting   | 2 4 6 8 10 11 12 13 15 16 17 19 21 23 26 27 | 27.0
Evocations     | 1 2 3 4 |  4.0
Fighting       | 5 6 7 8 9 10 11 12 14 15 16 17 18 | 18.0
Hexes          | 2 5 6 9 10 11 14 15 | 15.0
Fire Magic     | 1 4 |  4.0
Armour         | 3 4 5 6 7 8 9 |  9.0
Ice Magic      | 3 5 6 |  6.0
Necromancy     | 1 6 9 10 11 15 | 15.0
Earth Magic    | 5 7 8 9 10 | 10.9
Transmutations | 1 2 6 7 |  7.0
Maces & Flails | 1 3 4 5 |  5.0
Conjurations   | 5 11 13 14 17 | 17.0
Air Magic      | 5 |  5.0
Poison Magic   | 2 |  2.0
Long Blades    | 1 6 8 10 11 | 11.1
Summonings     | 1 2 6 10 13 | 13.0
Translocations | 5 11 | 11.0

Action                   |  1- 3 |  4- 6 |  7- 9 | 10-12 | 13-15 | 16-18 | 19-21 | 22-24 | 25-27 || total
-------------------------+-------+-------+-------+-------+-------+-------+-------+-------+-------++-------
Melee: Short sword       |   153 |    12 |       |       |       |       |       |       |       ||   165
       Punch             |     1 |       |       |       |       |       |       |       |       ||     1
       Dagger            |       |    57 |   223 |   375 |   129 |   126 |     3 |       |       ||   913
       Rapier            |       |       |   111 |   354 |       |   163 |    50 |   132 |    71 ||   881
       Mace              |       |       |       |   191 |   482 |       |       |       |       ||   673
       Spear             |       |       |       |       |     7 |       |       |       |       ||     7
       Morningstar       |       |       |       |       |   447 |   332 |       |       |       ||   779
       Double sword      |       |       |       |       |       |     3 |   253 |   774 |  1260 ||  2290
       Staff             |       |       |       |       |       |       |     6 |     4 |     4 ||    14
Throw: Javelin           |     8 |     6 |    12 |    47 |    27 |     3 |     1 |       |       ||   104
       Throwing net      |       |       |     1 |       |       |     1 |     1 |       |       ||     3
 Cast: Ozocubu's Armour  |       |       |       |    38 |    33 |    23 |    17 |    16 |    19 ||   146
       Inner Flame       |       |       |       |     3 |     2 |       |       |       |       ||     5
       Borgnjor's Vile C |       |       |       |    51 |   238 |   244 |   231 |   168 |   132 ||  1064
       Yara's Violent Un |       |       |       |       |    23 |     7 |    39 |    28 |    23 ||   120
       Metabolic Englaci |       |       |       |       |    12 |     6 |       |     1 |     7 ||    26
       Confusing Touch   |       |       |       |       |    11 |    12 |       |       |       ||    23
       Mephitic Cloud    |       |       |       |       |     9 |    15 |     5 |       |       ||    29
       Irradiate         |       |       |       |       |     2 |    48 |    77 |    44 |    25 ||   196
       Freezing Cloud    |       |       |       |       |       |    82 |   117 |    37 |    23 ||   259
       Fireball          |       |       |       |       |       |    61 |       |       |       ||    61
       Iron Shot         |       |       |       |       |       |    44 |    70 |    37 |    49 ||   200
       Death Channel     |       |       |       |       |       |    13 |    34 |    14 |    33 ||    94
       Lee's Rapid Decon |       |       |       |       |       |       |    35 |    54 |    13 ||   102
       Enfeeble          |       |       |       |       |       |       |     2 |     9 |    26 ||    37
       Haunt             |       |       |       |       |       |       |       |     4 |    30 ||    34
       Spellforged Servi |       |       |       |       |       |       |       |     6 |    61 ||    67
       Manifold Assault  |       |       |       |       |       |       |       |       |    25 ||    25
       Malign Gateway    |       |       |       |       |       |       |       |       |    23 ||    23
       Discord           |       |       |       |       |       |       |       |       |     2 ||     2
       Passage of Golubr |       |       |       |       |       |       |       |       |     2 ||     2
Invok: Potion Petition   |       |       |       |     3 |     5 |     5 |     1 |     5 |    33 ||    52
       Call Merchant     |       |       |       |     1 |     1 |       |     1 |       |       ||     3
       Bribe Branch      |       |       |       |       |       |       |       |       |     1 ||     1
Evoke: Wand              |       |    12 |    15 |    53 |    22 |     2 |       |     2 |     7 ||   113
       Lightning rod     |       |       |       |       |     5 |     4 |       |       |       ||     9
       Condenser vane    |       |       |       |       |     1 |     1 |     1 |       |       ||     3
       Phantom mirror    |       |       |       |       |       |       |       |       |     2 ||     2
       Box of beasts     |       |       |       |       |       |       |       |       |     1 ||     1
       Horn of Geryon    |       |       |       |       |       |       |       |       |     1 ||     1
  Use: Scroll            |       |       |    11 |    15 |    14 |    11 |    11 |     6 |    15 ||    83
 Stab: Sleeping          |     1 |     7 |     6 |    14 |    15 |     2 |     7 |     5 |     1 ||    58
       Paralysed         |       |     4 |     4 |     4 |     2 |     1 |       |       |       ||    15
       Distracted        |       |       |     1 |     9 |    14 |    15 |    19 |    44 |    63 ||   165
       Confused          |       |       |       |       |    22 |    27 |     1 |       |       ||    50
       Held in net/web   |       |       |       |       |       |     1 |       |       |       ||     1
       Invisible         |       |       |       |       |       |       |       |     3 |    10 ||    13
Armor: Robe              |    29 |     3 |       |       |       |       |       |       |       ||    32
       Ring mail         |       |     9 |    41 |       |       |       |       |   116 |   352 ||   518
       Steam dragon scal |       |       |    16 |    15 |       |       |       |       |       ||    31
       Leather armour    |       |       |       |   281 |   329 |   322 |    85 |    79 |       ||  1096
Dodge: Dodged            |    98 |    20 |   125 |   538 |   904 |   895 |   348 |   532 |   924 ||  4384
Block: Buckler           |    10 |     6 |    65 |   280 |   903 |   784 |   368 |   665 |   982 ||  4063
